Connexion

Crunch vs Phantoms

Created - 1 octobre 2023 at 08:11

Goals
1 2 3 T
Crunch 1 2 2 5
Phantoms 2 1 1 4
Shots
1 2 3 T
Crunch 13 12 7 32
Phantoms 12 8 7 27

GoalsPenalties
1st period
1. Phantoms , Tyler Sikura 9 (Julien Gauthier 13, Jake Mccabe 17) at 0:16
2. Phantoms , Tyler Sikura 10 (Jake Mccabe 18, Seth Griffith 11) at 9:09
3. Crunch , Jean-Christophe Beaudin 9 (Thomas Tynan 13, Austin Strand 11) at 17:22 (PP)
Lucas Wallmark (ADI) for Cross-checking (Minor) at 5:21
Kevin Poulin (ADI) for Unsportsmanlike conduct (Minor) at 12:58 - Jarred Tinordi served the penalty.
Jaycob Megna (SYR) for Holding (Minor) at 13:59
Ben Harpur (ADI) for Cross-checking (Minor) at 17:00
Jaycob Megna (SYR) for Holding (Minor) at 18:29
2nd period
4. Phantoms , Ben Harpur 1 (Kerby Rychel 7) at 0:45
5. Crunch , Paul Bittner 4 (Kody Clark 9, Xavier Bouchard 11) at 10:25
6. Crunch , Mikko Kokkonen 2 (Patrick Harper 7, Xavier Bouchard 12) at 14:35
Jean-Christophe Beaudin (SYR) for Tripping (Minor) at 11:45
3rd period
7. Phantoms , Lucas Wallmark 4 (Adam Mascherin 8, Manuel Wiederer 6) at 8:43
8. Crunch , Kody Clark 8 (Connor Corcoran 8, Patrick Harper 8) at 11:59
9. Crunch , Patrick Harper 7 (Kody Clark 10, Mikko Kokkonen 6) at 13:18
Connor Corcoran (SYR) for Holding (Minor) at 6:19
Michael McCarron (ADI) for Hooking (Minor) at 9:32
Jaycob Megna (SYR) for Hooking (Minor) at 9:32
Goalie Stats
Anthony Stolarz (SYR), 23 saves from 27 shots - (0,852), W, 12-9-1, 60:00 minutes
Kevin Poulin (ADI), 27 saves from 32 shots - (0,844), L, 9-12-1, 59:18 minutes
3 StarsOfficial
1 - Tyler Sikura (ADI)
2 - Patrick Harper (SYR)
3 - Kody Clark (SYR)
Referees : Jean Hebert and Stephane Auger
Linesman : Derek Amell and Don Henderson
Game Note
No Game Note
Finance
Level 1 -- Attendance: 1839 (91,95%) -- Ticket Income 64 365 $
Level 2 -- Attendance: 996 (99,60%) -- Ticket Income 14 940 $
Total Attendance: 2835 (94,50%)
Total Ticket Income: 79 305 $
Other Income: 15 861 $
Total Income: 95 166 $



Team Name Goals Shots Shots Attemp Shots Blocked PIM HIT PP PK FO%
Crunch 532571210221 / 3 (33%)056%
Phantoms 4276488230 / 4 (0%)144%

Crunch
Player Name POS G A P +/- PIM HIT SHT SB MP PP MP PP SHT PK MP PK SHT FO% FOT
Aaron LuchukC000001005:060:0000:00050% 10
Austin StrandD011-1020225:461:4403:5600% 0
Axel AnderssonD000-1001221:381:3803:1000% 0
Blaine ByronC/LW0000002014:581:4400:3700% 0
Connor CorcoranD011-1220120:161:3801:4900% 0
Garnet HathawayRW000002106:470:0001:4100% 2
Jaycob MegnaD000-1650122:241:4302:2200% 0
Jean-Christophe BeaudinC/RW1010217016:291:4431:2600% 0
Jean-Gabriel PageauC000-1051027:441:3803:43068% 31
Kody ClarkRW1231002113:390:0000:0000% 0
Mason ShawC/LW000-1004017:041:3800:050100% 1
Mike VecchioneC/RW000-1002119:421:3812:00050% 2
Mikko KokkonenD1122011114:290:0000:0000% 0
Nicolas Aube-KubelRW000000000:180:0000:0000% 0
Patrick HarperC/LW1231012113:390:0000:00047% 15
Paul BittnerLW1011012013:390:0000:000100% 1
Thomas TynanC0110006020:591:4414:24050% 28
Xavier BouchardD0222011215:230:0002:3900% 0
Phantoms
Player Name POS G A P +/- PIM HIT SHT SB MP PP MP PP SHT PK MP PK SHT FO% FOT
Adam MascherinC/LW0111001013:480:0000:0000% 0
Ben HarpurD1010231121:373:0201:0300% 0
Brady KeeperD0000002321:383:0211:0300% 0
Curtis DouglasC000000002:130:4600:000100% 1
Jake MccabeD0220032224:223:5612:1900% 0
Jarred TinordiD0000001114:000:0000:0000% 0
Joshua JacobsD0000020024:223:5602:1900% 0
Julien GauthierRW0111041023:563:0302:43038% 8
Kerby RychelLW011-2004018:173:0910:0000% 0
Logan HutskoRW000-100103:430:0000:0000% 0
Lucas WallmarkC1011224014:150:2800:00047% 19
Luke HenmanC000-100103:430:0000:00071% 7
Manuel WiedererC/RW0111020013:480:0000:0000% 0
Michael McCarronC/RW000-2220018:343:2700:0000% 0
Patrick SieloffD0000012114:000:0000:0000% 0
Seth GriffithC/LW/RW0112022019:213:3100:39040% 5
Tyler SikuraC/LW2022013021:403:0302:43048% 27
Victor RaskC000-2012020:213:2700:39030% 23



Play-by-Play

1st period


0:01 of 1st period - Jean-Gabriel Pageau wins face-off versus Tyler Sikura in neutral zone.
0:01 of 1st period - Jean-Gabriel Pageau is hit by Julien Gauthier.
0:16 of 1st period - Shot by Tyler Sikura.
0:16 of 1st period - Goal by Tyler Sikura - Crunch : 0 - Phantoms : 1.
0:17 of 1st period - Thomas Tynan wins face-off versus Victor Rask in neutral zone.
0:19 of 1st period - Off-side.
0:20 of 1st period - Lucas Wallmark wins face-off versus Patrick Harper in neutral zone.
0:22 of 1st period - Off-side.
0:23 of 1st period - Thomas Tynan wins face-off versus Victor Rask in neutral zone.
1:21 of 1st period - Off-side.
1:22 of 1st period - Lucas Wallmark wins face-off versus Jean-Gabriel Pageau in neutral zone.
1:33 of 1st period - Shot by Lucas Wallmark.
1:33 of 1st period - Stopped by Anthony Stolarz with a rebound.
1:35 of 1st period - Shot by Lucas Wallmark.
1:35 of 1st period - Stopped by Anthony Stolarz without a rebound.
1:36 of 1st period - Patrick Harper wins face-off versus Tyler Sikura in Crunch zone.
1:36 of 1st period - Patrick Harper is hit by Julien Gauthier.
1:58 of 1st period - Shot by Julien Gauthier.
1:58 of 1st period - Shot Blocked by Patrick Harper.
2:00 of 1st period - Shot by Jake Mccabe.
2:00 of 1st period - Stopped by Anthony Stolarz without a rebound.
2:01 of 1st period - Lucas Wallmark wins face-off versus Jean-Gabriel Pageau in Crunch zone.
2:10 of 1st period - Shot by Adam Mascherin.
2:10 of 1st period - Shot Misses the Net.
2:12 of 1st period - Shot by Manuel Wiederer.
2:12 of 1st period - Shot Misses the Net.
2:26 of 1st period - Shot by Manuel Wiederer.
2:26 of 1st period - Shot Misses the Net.
3:58 of 1st period - Paul Bittner is hit by Michael McCarron and loses puck.
4:28 of 1st period - Icing by Axel Andersson.
4:29 of 1st period - Thomas Tynan wins face-off versus Lucas Wallmark in Crunch zone.
4:40 of 1st period - Shot by Blaine Byron.
4:40 of 1st period - Stopped by Kevin Poulin without a rebound.
4:41 of 1st period - Luke Henman wins face-off versus Aaron Luchuk in Phantoms zone.
4:41 of 1st period - Luke Henman is hit by Garnet Hathaway.
5:02 of 1st period - Shot by Luke Henman.
5:02 of 1st period - Stopped by Anthony Stolarz without a rebound.
5:03 of 1st period - Thomas Tynan wins face-off versus Lucas Wallmark in Crunch zone.
5:10 of 1st period - Icing by Jarred Tinordi.
5:11 of 1st period - Jean-Gabriel Pageau wins face-off versus Lucas Wallmark in Phantoms zone.
5:21 of 1st period - Minor Penalty to Lucas Wallmark for Cross-checking.
5:22 of 1st period - Thomas Tynan wins face-off versus Julien Gauthier in Phantoms zone.
5:55 of 1st period - Shot by Thomas Tynan.
5:55 of 1st period - Stopped by Kevin Poulin without a rebound.
5:56 of 1st period - Jean-Gabriel Pageau wins face-off versus Seth Griffith in Phantoms zone.
6:21 of 1st period - Shot by Mike Vecchione.
6:21 of 1st period - Stopped by Kevin Poulin without a rebound.
6:22 of 1st period - Julien Gauthier wins face-off versus Thomas Tynan in Phantoms zone.
6:39 of 1st period - Shot by Blaine Byron.
6:39 of 1st period - Deflect By Thomas Tynan.
6:39 of 1st period - Shot Misses the Net.
7:20 of 1st period - Shot by Mason Shaw.
7:20 of 1st period - Shot Misses the Net.
7:41 of 1st period - Shot by Patrick Harper.
7:41 of 1st period - Shot Misses the Net.
7:43 of 1st period - Shot by Xavier Bouchard.
7:43 of 1st period - Stopped by Kevin Poulin with a rebound.
7:45 of 1st period - Shot by Paul Bittner.
7:45 of 1st period - Shot Blocked by Jarred Tinordi.
7:47 of 1st period - Shot by Xavier Bouchard.
7:47 of 1st period - Shot Blocked by Patrick Sieloff.
7:53 of 1st period - Shot by Kody Clark.
7:53 of 1st period - Stopped by Kevin Poulin without a rebound.
7:54 of 1st period - Jean-Gabriel Pageau wins face-off versus Victor Rask in Phantoms zone.
8:10 of 1st period - Shot by Victor Rask.
8:10 of 1st period - Stopped by Anthony Stolarz with a rebound.
8:12 of 1st period - Shot by Jake Mccabe.
8:12 of 1st period - Shot Blocked by Axel Andersson.
8:14 of 1st period - Shot by Kerby Rychel.
8:14 of 1st period - Shot Blocked by Mike Vecchione.
8:26 of 1st period - Shot by Victor Rask.
8:26 of 1st period - Shot Misses the Net.
8:28 of 1st period - Shot by Kerby Rychel.
8:28 of 1st period - Deflect By Michael McCarron.
8:28 of 1st period - Shot Misses the Net.
8:30 of 1st period - Shot by Kerby Rychel.
8:30 of 1st period - Stopped by Anthony Stolarz without a rebound.
8:31 of 1st period - Thomas Tynan wins face-off versus Tyler Sikura in Crunch zone.
8:46 of 1st period - Shot by Thomas Tynan.
8:46 of 1st period - Stopped by Kevin Poulin without a rebound.
8:47 of 1st period - Lucas Wallmark wins face-off versus Patrick Harper in Phantoms zone.
8:55 of 1st period - Icing by Xavier Bouchard.
8:56 of 1st period - Tyler Sikura wins face-off versus Patrick Harper in Crunch zone.
8:57 of 1st period - Shot by Julien Gauthier.
8:57 of 1st period - Shot Misses the Net.
9:09 of 1st period - Shot by Tyler Sikura.
9:09 of 1st period - Goal by Tyler Sikura - Crunch : 0 - Phantoms : 2.
9:10 of 1st period - Jean-Gabriel Pageau wins face-off versus Victor Rask in neutral zone.
9:41 of 1st period - Brady Keeper is hit by Austin Strand and loses puck.
9:48 of 1st period - Shot by Kerby Rychel.
9:48 of 1st period - Stopped by Anthony Stolarz without a rebound.
9:49 of 1st period - Tyler Sikura wins face-off versus Thomas Tynan in Crunch zone.
10:14 of 1st period - Shot by Julien Gauthier.
10:14 of 1st period - Shot Misses the Net.
10:24 of 1st period - Shot by Jean-Christophe Beaudin.
10:24 of 1st period - Shot Misses the Net.
10:26 of 1st period - Shot by Jean-Christophe Beaudin.
10:26 of 1st period - Stopped by Kevin Poulin without a rebound.
10:27 of 1st period - Lucas Wallmark wins face-off versus Aaron Luchuk in Phantoms zone.
10:27 of 1st period - Lucas Wallmark is hit by Garnet Hathaway.
11:00 of 1st period - Off-side.
11:01 of 1st period - Patrick Harper wins face-off versus Victor Rask in neutral zone.
11:06 of 1st period - Shot by Kody Clark.
11:06 of 1st period - Shot Misses the Net.
11:16 of 1st period - Shot by Kody Clark.
11:16 of 1st period - Shot Misses the Net.
11:32 of 1st period - Shot by Patrick Harper.
11:32 of 1st period - Shot Blocked by Brady Keeper.
11:59 of 1st period - Brady Keeper is hit by Connor Corcoran and loses puck.
12:03 of 1st period - Icing by Axel Andersson.
12:04 of 1st period - Jean-Gabriel Pageau wins face-off versus Tyler Sikura in Crunch zone.
12:06 of 1st period - Icing by Mason Shaw.
12:07 of 1st period - Tyler Sikura wins face-off versus Mike Vecchione in Crunch zone.
12:08 of 1st period - Shot by Seth Griffith.
12:08 of 1st period - Shot Misses the Net.
12:26 of 1st period - Shot by Jean-Gabriel Pageau.
12:26 of 1st period - Stopped by Kevin Poulin without a rebound.
12:27 of 1st period - Lucas Wallmark wins face-off versus Thomas Tynan in Phantoms zone.
12:56 of 1st period - Shot by Thomas Tynan.
12:56 of 1st period - Stopped by Kevin Poulin with a rebound.
12:58 of 1st period - Shot by Jean-Christophe Beaudin.
12:58 of 1st period - Stopped by Kevin Poulin without a rebound.
12:58 of 1st period - Minor Penalty to Kevin Poulin for Unsportsmanlike conduct.
12:59 of 1st period - Jean-Gabriel Pageau wins face-off versus Julien Gauthier in Phantoms zone.
13:11 of 1st period - Icing by Mason Shaw.
13:12 of 1st period - Jean-Gabriel Pageau wins face-off versus Julien Gauthier in Crunch zone.
13:18 of 1st period - Axel Andersson is hit by Jake Mccabe and loses puck.
13:59 of 1st period - Minor Penalty to Jaycob Megna for Holding.
14:00 of 1st period - Jean-Gabriel Pageau wins face-off versus Julien Gauthier in Crunch zone.
14:41 of 1st period - Icing by Austin Strand.
14:42 of 1st period - Seth Griffith wins face-off versus Jean-Gabriel Pageau in Crunch zone.
14:45 of 1st period - Shot by Seth Griffith.
14:45 of 1st period - Stopped by Anthony Stolarz with a rebound.
14:55 of 1st period - Jean-Gabriel Pageau is hit by Seth Griffith.
15:45 of 1st period - Icing by Brady Keeper.
15:46 of 1st period - Curtis Douglas wins face-off versus Jean-Gabriel Pageau in Phantoms zone.
15:46 of 1st period - Curtis Douglas is hit by Jean-Gabriel Pageau.
16:10 of 1st period - Shot by Lucas Wallmark.
16:10 of 1st period - Stopped by Anthony Stolarz with a rebound.
16:53 of 1st period - Kody Clark is hit by Tyler Sikura and loses puck.
16:59 of 1st period - Kody Clark is hit by Ben Harpur and loses puck.
17:00 of 1st period - Minor Penalty to Ben Harpur for Cross-checking.
17:01 of 1st period - Thomas Tynan wins face-off versus Julien Gauthier in Phantoms zone.
17:06 of 1st period - Shot by Jean-Christophe Beaudin.
17:06 of 1st period - Stopped by Kevin Poulin with a rebound.
17:12 of 1st period - Shot by Jean-Christophe Beaudin.
17:12 of 1st period - Shot Blocked by Jake Mccabe.
17:14 of 1st period - Shot by Jean-Christophe Beaudin.
17:14 of 1st period - Stopped by Kevin Poulin with a rebound.
17:16 of 1st period - Shot by Austin Strand.
17:16 of 1st period - Shot Misses the Net.
17:22 of 1st period - Shot by Jean-Christophe Beaudin.
17:22 of 1st period - Goal by Jean-Christophe Beaudin - Crunch : 1 - Phantoms : 2.
17:23 of 1st period - Mike Vecchione wins face-off versus Victor Rask in neutral zone.
17:25 of 1st period - Axel Andersson is hit by Ben Harpur and loses puck.
17:36 of 1st period - Shot by Kerby Rychel.
17:36 of 1st period - Stopped by Anthony Stolarz with a rebound.
17:38 of 1st period - Shot by Victor Rask.
17:38 of 1st period - Shot Misses the Net.
18:18 of 1st period - Off-side.
18:19 of 1st period - Tyler Sikura wins face-off versus Thomas Tynan in neutral zone.
18:29 of 1st period - Minor Penalty to Jaycob Megna for Holding.
18:30 of 1st period - Tyler Sikura wins face-off versus Jean-Gabriel Pageau in Crunch zone.
18:31 of 1st period - Shot by Jake Mccabe.
18:31 of 1st period - Shot Misses the Net.
19:09 of 1st period - Shot by Jake Mccabe.
19:09 of 1st period - Shot Misses the Net.
19:11 of 1st period - Shot by Julien Gauthier.
19:11 of 1st period - Shot Misses the Net.
Goals for this period are 1 for Crunch vs 2 for Phantoms.
Shots for this period are 13 for Crunch vs 12 for Phantoms.

2nd period


0:01 of 2nd period - Jean-Gabriel Pageau wins face-off versus Tyler Sikura in neutral zone.
0:03 of 2nd period - Off-side.
0:04 of 2nd period - Tyler Sikura wins face-off versus Jean-Gabriel Pageau in neutral zone.
0:07 of 2nd period - Jean-Gabriel Pageau is hit by Seth Griffith and loses puck.
0:33 of 2nd period - Icing by Patrick Harper.
0:34 of 2nd period - Victor Rask wins face-off versus Patrick Harper in Crunch zone.
0:43 of 2nd period - Shot by Kerby Rychel.
0:43 of 2nd period - Shot Blocked by Axel Andersson.
0:45 of 2nd period - Shot by Ben Harpur.
0:45 of 2nd period - Goal by Ben Harpur - Crunch : 1 - Phantoms : 3.
0:46 of 2nd period - Jean-Gabriel Pageau wins face-off versus Tyler Sikura in neutral zone.
0:59 of 2nd period - Seth Griffith is hit by Jaycob Megna and loses puck.
1:16 of 2nd period - Shot by Mike Vecchione.
1:16 of 2nd period - Shot Hit the Post.
1:18 of 2nd period - Shot by Mason Shaw.
1:18 of 2nd period - Stopped by Kevin Poulin without a rebound.
1:19 of 2nd period - Thomas Tynan wins face-off versus Victor Rask in Phantoms zone.
1:22 of 2nd period - Shot by Jean-Christophe Beaudin.
1:22 of 2nd period - Shot Blocked by Ben Harpur.
1:40 of 2nd period - Shot by Jean-Christophe Beaudin.
1:40 of 2nd period - Shot Misses the Net.
1:42 of 2nd period - Shot by Connor Corcoran.
1:42 of 2nd period - Shot Blocked by Brady Keeper.
1:46 of 2nd period - Shot by Jean-Christophe Beaudin.
1:46 of 2nd period - Shot Misses the Net.
1:52 of 2nd period - Shot by Thomas Tynan.
1:52 of 2nd period - Stopped by Kevin Poulin without a rebound.
1:53 of 2nd period - Tyler Sikura wins face-off versus Aaron Luchuk in Phantoms zone.
2:17 of 2nd period - Off-side.
2:18 of 2nd period - Patrick Harper wins face-off versus Lucas Wallmark in neutral zone.
2:18 of 2nd period - Kody Clark is hit by Manuel Wiederer and loses puck.
3:04 of 2nd period - Icing by Patrick Harper.
3:05 of 2nd period - Patrick Harper wins face-off versus Tyler Sikura in Crunch zone.
3:23 of 2nd period - Seth Griffith is hit by Jean-Gabriel Pageau and loses puck.
3:34 of 2nd period - Tyler Sikura is hit by Jean-Gabriel Pageau and loses puck.
3:38 of 2nd period - Icing by Seth Griffith.
3:39 of 2nd period - Tyler Sikura wins face-off versus Thomas Tynan in Phantoms zone.
3:44 of 2nd period - Axel Andersson is hit by Julien Gauthier and loses puck.
3:51 of 2nd period - Joshua Jacobs is hit by Jean-Christophe Beaudin and loses puck.
3:56 of 2nd period - Shot by Connor Corcoran.
3:56 of 2nd period - Shot Misses the Net.
3:58 of 2nd period - Shot by Jean-Christophe Beaudin.
3:58 of 2nd period - Shot Misses the Net.
4:00 of 2nd period - Shot by Thomas Tynan.
4:00 of 2nd period - Deflect By Blaine Byron.
4:00 of 2nd period - Stopped by Kevin Poulin with a rebound.
4:27 of 2nd period - Off-side.
4:28 of 2nd period - Mason Shaw wins face-off versus Victor Rask in neutral zone.
4:44 of 2nd period - Brady Keeper is hit by Jaycob Megna and loses puck.
4:51 of 2nd period - Shot by Mike Vecchione.
4:51 of 2nd period - Stopped by Kevin Poulin without a rebound.
4:52 of 2nd period - Patrick Harper wins face-off versus Lucas Wallmark in Phantoms zone.
5:20 of 2nd period - Shot by Kody Clark.
5:20 of 2nd period - Shot Misses the Net.
5:22 of 2nd period - Shot by Kody Clark.
5:22 of 2nd period - Shot Misses the Net.
5:43 of 2nd period - Icing by Jarred Tinordi.
5:44 of 2nd period - Jean-Gabriel Pageau wins face-off versus Lucas Wallmark in Phantoms zone.
5:48 of 2nd period - Icing by Patrick Sieloff.
5:49 of 2nd period - Jean-Gabriel Pageau wins face-off versus Lucas Wallmark in Phantoms zone.
5:58 of 2nd period - Austin Strand is hit by Lucas Wallmark and loses puck.
7:43 of 2nd period - Michael McCarron is hit by Xavier Bouchard and loses puck.
8:11 of 2nd period - Brady Keeper is hit by Mikko Kokkonen and loses puck.
8:26 of 2nd period - Shot by Logan Hutsko.
8:26 of 2nd period - Stopped by Anthony Stolarz without a rebound.
8:27 of 2nd period - Aaron Luchuk wins face-off versus Luke Henman in Crunch zone.
9:18 of 2nd period - Shot by Manuel Wiederer.
9:18 of 2nd period - Shot Misses the Net.
9:20 of 2nd period - Shot by Jarred Tinordi.
9:20 of 2nd period - Stopped by Anthony Stolarz without a rebound.
9:21 of 2nd period - Tyler Sikura wins face-off versus Thomas Tynan in Crunch zone.
9:39 of 2nd period - Shot by Tyler Sikura.
9:39 of 2nd period - Shot Blocked by Connor Corcoran.
9:49 of 2nd period - Shot by Jean-Christophe Beaudin.
9:49 of 2nd period - Stopped by Kevin Poulin with a rebound.
9:51 of 2nd period - Shot by Thomas Tynan.
9:51 of 2nd period - Stopped by Kevin Poulin without a rebound.
9:52 of 2nd period - Victor Rask wins face-off versus Patrick Harper in Phantoms zone.
9:59 of 2nd period - Paul Bittner is hit by Michael McCarron and loses puck.
10:25 of 2nd period - Shot by Paul Bittner.
10:25 of 2nd period - Goal by Paul Bittner - Crunch : 2 - Phantoms : 3.
10:26 of 2nd period - Tyler Sikura wins face-off versus Jean-Gabriel Pageau in neutral zone.
10:38 of 2nd period - Shot by Tyler Sikura.
10:38 of 2nd period - Deflect By Julien Gauthier.
10:38 of 2nd period - Stopped by Anthony Stolarz with a rebound.
11:45 of 2nd period - Minor Penalty to Jean-Christophe Beaudin for Tripping.
11:46 of 2nd period - Victor Rask wins face-off versus Garnet Hathaway in Crunch zone.
11:47 of 2nd period - Shot by Jake Mccabe.
11:47 of 2nd period - Stopped by Anthony Stolarz without a rebound.
11:48 of 2nd period - Jean-Gabriel Pageau wins face-off versus Victor Rask in Crunch zone.
12:19 of 2nd period - Shot by Victor Rask.
12:19 of 2nd period - Shot Misses the Net.
12:21 of 2nd period - Shot by Kerby Rychel.
12:21 of 2nd period - Stopped by Anthony Stolarz without a rebound.
12:22 of 2nd period - Tyler Sikura wins face-off versus Garnet Hathaway in Crunch zone.
12:31 of 2nd period - Shot by Brady Keeper.
12:31 of 2nd period - Shot Blocked by Austin Strand.
12:35 of 2nd period - Shot by Tyler Sikura.
12:35 of 2nd period - Shot Blocked by Austin Strand.
12:37 of 2nd period - Shot by Brady Keeper.
12:37 of 2nd period - Stopped by Anthony Stolarz without a rebound.
12:38 of 2nd period - Thomas Tynan wins face-off versus Tyler Sikura in Crunch zone.
13:52 of 2nd period - Icing by Mikko Kokkonen.
13:53 of 2nd period - Patrick Harper wins face-off versus Lucas Wallmark in Crunch zone.
14:03 of 2nd period - Icing by Mikko Kokkonen.
14:04 of 2nd period - Patrick Harper wins face-off versus Victor Rask in Crunch zone.
14:25 of 2nd period - Shot by Paul Bittner.
14:25 of 2nd period - Shot Misses the Net.
14:33 of 2nd period - Shot by Patrick Harper.
14:33 of 2nd period - Stopped by Kevin Poulin with a rebound.
14:35 of 2nd period - Shot by Mikko Kokkonen.
14:35 of 2nd period - Goal by Mikko Kokkonen - Crunch : 3 - Phantoms : 3.
14:36 of 2nd period - Jean-Gabriel Pageau wins face-off versus Tyler Sikura in neutral zone.
14:54 of 2nd period - Shot by Seth Griffith.
14:54 of 2nd period - Stopped by Anthony Stolarz without a rebound.
14:55 of 2nd period - Thomas Tynan wins face-off versus Lucas Wallmark in Crunch zone.
15:05 of 2nd period - Icing by Jarred Tinordi.
15:06 of 2nd period - Lucas Wallmark wins face-off versus Jean-Gabriel Pageau in Phantoms zone.
15:39 of 2nd period - Shot by Mason Shaw.
15:39 of 2nd period - Stopped by Kevin Poulin without a rebound.
15:40 of 2nd period - Thomas Tynan wins face-off versus Tyler Sikura in Phantoms zone.
15:47 of 2nd period - Shot by Thomas Tynan.
15:47 of 2nd period - Stopped by Kevin Poulin without a rebound.
15:48 of 2nd period - Tyler Sikura wins face-off versus Thomas Tynan in Phantoms zone.
16:10 of 2nd period - Shot by Jean-Christophe Beaudin.
16:10 of 2nd period - Stopped by Kevin Poulin without a rebound.
16:11 of 2nd period - Jean-Gabriel Pageau wins face-off versus Victor Rask in Phantoms zone.
16:30 of 2nd period - Shot by Ben Harpur.
16:30 of 2nd period - Shot Misses the Net.
16:44 of 2nd period - Icing by Jean-Gabriel Pageau.
16:45 of 2nd period - Jean-Gabriel Pageau wins face-off versus Tyler Sikura in Crunch zone.
17:44 of 2nd period - Mike Vecchione is hit by Lucas Wallmark and loses puck.
18:06 of 2nd period - Icing by Thomas Tynan.
18:07 of 2nd period - Victor Rask wins face-off versus Thomas Tynan in Crunch zone.
19:28 of 2nd period - Shot by Adam Mascherin.
19:28 of 2nd period - Shot Blocked by Kody Clark.
Goals for this period are 2 for Crunch vs 1 for Phantoms.
Shots for this period are 12 for Crunch vs 8 for Phantoms.

3rd period


0:01 of 3rd period - Jean-Gabriel Pageau wins face-off versus Tyler Sikura in neutral zone.
0:32 of 3rd period - Jake Mccabe is hit by Jean-Gabriel Pageau and loses puck.
1:10 of 3rd period - Mike Vecchione is hit by Victor Rask and loses puck.
2:56 of 3rd period - Icing by Michael McCarron.
2:57 of 3rd period - Aaron Luchuk wins face-off versus Victor Rask in Phantoms zone.
3:02 of 3rd period - Shot by Garnet Hathaway.
3:02 of 3rd period - Shot Hit the Post.
3:15 of 3rd period - Off-side.
3:16 of 3rd period - Thomas Tynan wins face-off versus Tyler Sikura in neutral zone.
3:29 of 3rd period - Blaine Byron is hit by Julien Gauthier.
3:38 of 3rd period - Icing by Thomas Tynan.
3:39 of 3rd period - Lucas Wallmark wins face-off versus Thomas Tynan in Crunch zone.
4:23 of 3rd period - Adam Mascherin is hit by Jaycob Megna and loses puck.
4:34 of 3rd period - Shot by Patrick Harper.
4:34 of 3rd period - Shot Misses the Net.
4:36 of 3rd period - Shot by Paul Bittner.
4:36 of 3rd period - Stopped by Kevin Poulin with a rebound.
4:40 of 3rd period - Shot by Kody Clark.
4:40 of 3rd period - Shot Blocked by Jake Mccabe.
4:54 of 3rd period - Shot by Mason Shaw.
4:54 of 3rd period - Stopped by Kevin Poulin without a rebound.
4:55 of 3rd period - Luke Henman wins face-off versus Aaron Luchuk in Phantoms zone.
4:55 of 3rd period - Logan Hutsko is hit by Aaron Luchuk and loses puck.
5:04 of 3rd period - Shot by Garnet Hathaway.
5:04 of 3rd period - Stopped by Kevin Poulin with a rebound.
5:08 of 3rd period - Shot by Axel Andersson.
5:08 of 3rd period - Stopped by Kevin Poulin without a rebound.
5:09 of 3rd period - Tyler Sikura wins face-off versus Thomas Tynan in Phantoms zone.
5:16 of 3rd period - Shot by Jake Mccabe.
5:16 of 3rd period - Shot Hit the Post.
5:25 of 3rd period - Icing by Joshua Jacobs.
5:26 of 3rd period - Seth Griffith wins face-off versus Jean-Gabriel Pageau in Phantoms zone.
5:26 of 3rd period - Seth Griffith is hit by Jean-Gabriel Pageau.
5:36 of 3rd period - Shot by Seth Griffith.
5:36 of 3rd period - Shot Blocked by Jaycob Megna.
6:04 of 3rd period - Shot by Mason Shaw.
6:04 of 3rd period - Stopped by Kevin Poulin with a rebound.
6:16 of 3rd period - Shot by Patrick Sieloff.
6:16 of 3rd period - Stopped by Anthony Stolarz without a rebound.
6:17 of 3rd period - Victor Rask wins face-off versus Thomas Tynan in Crunch zone.
6:19 of 3rd period - Minor Penalty to Connor Corcoran for Holding.
6:20 of 3rd period - Jean-Gabriel Pageau wins face-off versus Victor Rask in Crunch zone.
6:32 of 3rd period - Icing by Brady Keeper.
6:33 of 3rd period - Jean-Gabriel Pageau wins face-off versus Victor Rask in Phantoms zone.
7:42 of 3rd period - Shot by Tyler Sikura.
7:42 of 3rd period - Shot Misses the Net.
8:23 of 3rd period - Icing by Patrick Sieloff.
8:24 of 3rd period - Paul Bittner wins face-off versus Lucas Wallmark in Phantoms zone.
8:26 of 3rd period - Patrick Harper is hit by Patrick Sieloff and loses puck.
8:41 of 3rd period - Shot by Lucas Wallmark.
8:41 of 3rd period - Deflect By Adam Mascherin.
8:41 of 3rd period - Stopped by Anthony Stolarz with a rebound.
8:43 of 3rd period - Shot by Lucas Wallmark.
8:43 of 3rd period - Goal by Lucas Wallmark - Crunch : 3 - Phantoms : 4.
8:44 of 3rd period - Aaron Luchuk wins face-off versus Luke Henman in neutral zone.
9:27 of 3rd period - Icing by Jean-Gabriel Pageau.
9:28 of 3rd period - Victor Rask wins face-off versus Aaron Luchuk in Crunch zone.
9:31 of 3rd period - Shot by Michael McCarron.
9:31 of 3rd period - Shot Misses the Net.
9:32 of 3rd period - Minor Penalty to Michael McCarron for Hooking.
9:32 of 3rd period - Minor Penalty to Jaycob Megna for Hooking.
9:33 of 3rd period - Julien Gauthier wins face-off versus Thomas Tynan in Crunch zone.
9:56 of 3rd period - Icing by Brady Keeper.
9:57 of 3rd period - Julien Gauthier wins face-off versus Thomas Tynan in Phantoms zone.
10:14 of 3rd period - Shot by Tyler Sikura.
10:14 of 3rd period - Stopped by Anthony Stolarz without a rebound.
10:15 of 3rd period - Jean-Gabriel Pageau wins face-off versus Seth Griffith in Crunch zone.
11:24 of 3rd period - Shot by Jean-Christophe Beaudin.
11:24 of 3rd period - Shot Blocked by Brady Keeper.
11:32 of 3rd period - Shot by Tyler Sikura.
11:32 of 3rd period - Deflect By Lucas Wallmark.
11:32 of 3rd period - Shot Misses the Net.
11:35 of 3rd period - Icing by Jaycob Megna.
11:36 of 3rd period - Lucas Wallmark wins face-off versus Patrick Harper in Crunch zone.
11:39 of 3rd period - Shot by Manuel Wiederer.
11:39 of 3rd period - Deflect By Adam Mascherin.
11:39 of 3rd period - Shot Misses the Net.
11:41 of 3rd period - Shot by Jarred Tinordi.
11:41 of 3rd period - Shot Blocked by Xavier Bouchard.
11:43 of 3rd period - Shot by Manuel Wiederer.
11:43 of 3rd period - Shot Misses the Net.
11:45 of 3rd period - Shot by Patrick Sieloff.
11:45 of 3rd period - Stopped by Anthony Stolarz without a rebound.
11:46 of 3rd period - Luke Henman wins face-off versus Patrick Harper in Crunch zone.
11:59 of 3rd period - Shot by Connor Corcoran.
11:59 of 3rd period - Deflect By Kody Clark.
11:59 of 3rd period - Goal by Kody Clark - Crunch : 4 - Phantoms : 4.
12:00 of 3rd period - Aaron Luchuk wins face-off versus Victor Rask in neutral zone.
12:04 of 3rd period - Jean-Gabriel Pageau is hit by Jake Mccabe and loses puck.
12:24 of 3rd period - Jean-Gabriel Pageau is hit by Jake Mccabe and loses puck.
13:00 of 3rd period - Icing by Joshua Jacobs.
13:01 of 3rd period - Victor Rask wins face-off versus Patrick Harper in Phantoms zone.
13:01 of 3rd period - Joshua Jacobs is hit by Patrick Harper and loses puck.
13:13 of 3rd period - Kody Clark is hit by Joshua Jacobs and loses puck.
13:18 of 3rd period - Shot by Patrick Harper.
13:18 of 3rd period - Goal by Patrick Harper - Crunch : 5 - Phantoms : 4.
13:19 of 3rd period - Thomas Tynan wins face-off versus Seth Griffith in neutral zone.
13:50 of 3rd period - Brady Keeper is hit by Connor Corcoran and loses puck.
14:09 of 3rd period - Jean-Christophe Beaudin is hit by Manuel Wiederer and loses puck.
14:25 of 3rd period - Icing by Axel Andersson.
14:26 of 3rd period - Luke Henman wins face-off versus Thomas Tynan in Crunch zone.
15:15 of 3rd period - Shot by Jake Mccabe.
15:15 of 3rd period - Shot Hit the Post.
15:17 of 3rd period - Shot by Adam Mascherin.
15:17 of 3rd period - Shot Misses the Net.
15:55 of 3rd period - Jake Mccabe is hit by Paul Bittner and loses puck.
16:40 of 3rd period - Shot by Kerby Rychel.
16:40 of 3rd period - Shot Blocked by Mikko Kokkonen.
16:46 of 3rd period - Shot by Brady Keeper.
16:46 of 3rd period - Shot Misses the Net.
16:56 of 3rd period - Shot by Kerby Rychel.
16:56 of 3rd period - Shot Blocked by Xavier Bouchard.
16:58 of 3rd period - Shot by Ben Harpur.
16:58 of 3rd period - Shot Misses the Net.
17:00 of 3rd period - Shot by Victor Rask.
17:00 of 3rd period - Stopped by Anthony Stolarz without a rebound.
17:01 of 3rd period - Aaron Luchuk wins face-off versus Tyler Sikura in Crunch zone.
17:32 of 3rd period - Off-side.
17:33 of 3rd period - Thomas Tynan wins face-off versus Victor Rask in neutral zone.
17:41 of 3rd period - Thomas Tynan is hit by Ben Harpur and loses puck.
17:56 of 3rd period - Shot by Brady Keeper.
17:56 of 3rd period - Stopped by Anthony Stolarz without a rebound.
17:57 of 3rd period - Luke Henman wins face-off versus Jean-Gabriel Pageau in Crunch zone.
17:57 of 3rd period - Patrick Sieloff is hit by Austin Strand and loses puck.
18:23 of 3rd period - Logan Hutsko is hit by Jaycob Megna and loses puck.
19:18 of 3rd period - Phantoms, Kevin Poulin is pulled from the net.
19:47 of 3rd period - Tyler Sikura is hit by Jaycob Megna and loses puck.
19:59 of 3rd period - Mike Vecchione is hit by Joshua Jacobs and loses puck.
Goals for this period are 2 for Crunch vs 1 for Phantoms.
Shots for this period are 7 for Crunch vs 7 for Phantoms.